 Dungeon Crawl Stone Soup version 0.22.1-2-g9c5b331 (webtiles) character file.

116 whitewolfNL the Cudgeler (level 4, -1/40 HPs)
             Began as a Minotaur Berserker on Nov 21, 2018.
             Was a Believer of Trog.
             Slain by Grinder (2 damage)
             ... while paralysed by Grinder
             ... on level 3 of the Dungeon.
             The game lasted 00:11:29 (4078 turns).

whitewolfNL the Cudgeler (Minotaur Berserker)       Turns: 4078, Time: 00:11:30

Health: -1/40      AC: 12    Str: 21    XL:     4   Next: 70%
Magic:  3/3        EV:  2    Int:  5    God:    Trog [**....]
Gold:   152        SH:  0    Dex: 10    Spells: 3/3 levels left

rFire    . . .     SeeInvis .   j - +0 mace
rCold    . . .     Gourm    .   (no shield)
rNeg     . . .     Faith    +   a - +0 plate armour
rPois    .         Spirit   .   (helmet restricted)
rElec    .         Reflect  .   l - +0 cloak
rCorr    .         Harm     .   (no gloves)
MR       .....                  (no boots)
Stlth    ..........             e - amulet of faith
HPRegen  0.13/turn              (no ring)
MPRegen  0.08/turn              (no ring)

@: paralysed
A: retaliatory headbutt, horns 2
a: Berserk, Trog's Hand, Renounce Religion


You were on level 3 of the Dungeon.
You worshipped Trog.
Trog was pleased with you.
You were not hungry.

You visited 1 branch of the dungeon, and saw 3 of its levels.

You collected 152 gold pieces.

Inventory:

Hand Weapons
 j - a +0 mace (weapon)
 u - a +0 hunting sling
Missiles
 d - 40 stones (quivered)
 i - 59 arrows
 o - 27 bolts
Armour
 a - a +0 plate armour (worn)
 l - a +0 cloak (worn)
Jewellery
 e - an amulet of faith (around neck)
Scrolls
 f - a scroll of teleportation
 n - a scroll of fear {unknown}
 v - a scroll of magic mapping
Potions
 b - a potion of heal wounds {unknown}
 g - a potion of curing {unknown}
 h - a potion of brilliance {unknown}
 q - a potion of degeneration {unknown}
 r - a potion of might {unknown}
 s - a potion of agility {unknown}
Comestibles
 c - 6 rations
 k - 7 chunks of flesh


   Skills:
 + Level 4.2 Fighting
 * Level 5.1 Maces & Flails
 * Level 3.1 Armour
 * Level 2.9 Dodging
 * Level 1.1 Stealth


You had 3 spell levels left.
You didn't know any spells.
Your spell library was empty.

Dungeon Overview and Level Annotations

Branches:
Dungeon (3/15)

Altars:
Gozag
Nemelex Xobeh

Annotations:
D:3 Grinder


Innate Abilities, Weirdness & Mutations

You reflexively headbutt those who attack you in melee.
You have a pair of horns on your head.


Message History

Grinder hits you but does no damage. Grinder gestures at you.
Pain shoots through your body!
* * * LOW HITPOINT WARNING * * *
You hit Grinder.
Grinder is heavily wounded.
Grinder hits you but does no damage. Grinder gestures at you.
You barely resist. You sock Grinder!
Grinder is severely wounded.
Grinder hits you but does no damage.
You sock Grinder! Your headbutt misses Grinder.
Grinder is almost dead.
Grinder gestures at you.
You suddenly lose the ability to move!
Grinder hits you but does no damage. Grinder hits you.
* * * LOW HITPOINT WARNING * * *
You writhe in agony.
You die...

#.?.#.....#
#.......#.#
#.........#
#......#########
#...#...........
#####..#########
#..#
..###..##########
.<.....>..@5......
...#.##.##########
# #. #.# # #.# #.#
#.# ..# ##


You could see Grinder.

Vanquished Creatures
  5 adders
  An ooze (D:3)
  4 worms
  A leopard gecko (D:2)
  A ball python (D:2)
  7 bats
  12 goblins
  5 hobgoblins
  A quokka (D:2)
  4 frilled lizards
  6 kobolds
  10 rats
57 creatures vanquished.

Notes
Turn   | Place    | Note
-------+----------+-------------------------------------------
     0 | D:1      | whitewolfNL the Minotaur Berserker began the quest for the
                  | Orb.
     0 | D:1      | Reached XP level 1. HP: 19/19 MP: 0/0
   343 | D:1      | Reached skill level 4 in Maces & Flails
   343 | D:1      | Reached XP level 2. HP: 27/27 MP: 1/1
  1461 | D:2      | Reached XP level 3. HP: 16/33 MP: 2/2
  1800 | D:2      | Found a sparkling altar of Nemelex Xobeh.
  2314 | D:2      | Found an opulent altar of Gozag.
  2474 | D:2      | Reached XP level 4. HP: 34/40 MP: 3/3
  2496 | D:2      | Reached ** piety under Trog
  2845 | D:2      | Reached skill level 1 in Stealth
  3497 | D:3      | Reached skill level 5 in Maces & Flails
  4068 | D:3      | Noticed Grinder
  4077 | D:3      | Paralysed by Grinder for 3 turns
  4078 | D:3      | HP: 1/40 [Grinder (2)]
  4078 | D:3      | Slain by Grinder

Skill      XL: |  1  2  3  4 |
---------------+-------------+-----
Maces & Flails | 4 5 |  5.1
Fighting       | 4 |  4.2
Stealth        | 1 |  1.1
Armour         | 3 |  3.1
Dodging        | |  2.9

Action                   |  1- 3 |  4- 6 || total
-------------------------+-------+-------++-------
Melee: Mace              |    72 |    78 ||   150
       Headbutt          |     6 |     5 ||    11
Invok: Berserk           |     2 |       ||     2
  Use: Scroll            |       |     5 ||     5
 Stab: Sleeping          |     1 |     1 ||     2
  Eat: Chunk             |     3 |     5 ||     8
       Ration            |     1 |       ||     1
Armor: Animal skin       |    11 |       ||    11
       Plate armour      |       |    36 ||    36
       Ring mail         |       |    11 ||    11
Dodge: Dodged            |    65 |    50 ||   115
